 Dungeon Crawl Stone Soup version 0.28.0-45-g0d030f2227 (webtiles) character file.

Game seed: 7311573441410461665

63 GigaChad the Insei (level 4, -1/32 HPs)
             Began as a Djinni Transmuter on Apr 13, 2022.
             Slain by an adder (3 damage)
             ... on level 4 of the Dungeon.
             The game lasted 00:07:46 (3255 turns).

GigaChad the Insei (Djinni Transmuter)              Turns: 3255, Time: 00:07:47

Health: -1/32      AC:  2    Str:  9    XL:     4   Next: 30%
Gold:   87         EV: 13    Int: 14    God:
                   SH:  0    Dex: 16

rFire   + + .      SeeInvis .     - Unarmed
rCold   x . .      Faith    .   e - orb {*channel}
rNeg    . . .      Spirit   .   a - +0 robe
rPois   ∞          Reflect  .   (no helmet)
rElec   .          Harm     .   (no cloak)
rCorr   .          Rampage  .   (no gloves)
Will    .....                   (boots unavailable)
Stlth   ++........              (no amulet)
HPRegen 0.10/turn               (no ring)
MPRegen 0.00/turn               (no ring)

@: flying
A: sickness immunity, fire resistance 2, cold vulnerability 1, float, innate
caster, HP casting, extra vitality 1
a: no special abilities


You were on level 4 of the Dungeon.
You visited 1 branch of the dungeon, and saw 4 of its levels.

You collected 87 gold pieces.

Inventory:

Hand Weapons
 d - a +0 dagger
 f - a +0 short sword
 p - a +0 hand axe
Missiles
 c - 22 arrows
 n - 15 bolts
Armour
 a - a +0 robe (worn)
 e - an orb of energy (worn)
Magical Staves
 g - a staff of earth
Wands
 k - a wand of charming (8)
Scrolls
 j - a scroll of teleportation
 l - a scroll of identify
 m - a scroll of brand weapon {unknown}
 o - a scroll of summoning
Potions
 b - a potion of flight
 h - 2 potions of attraction {unknown}
 i - 2 potions of heal wounds {unknown}


   Skills:
 + Level 1.1 Fighting
 + Level 2.7 Dodging
 + Level 0.6 Stealth
 + Level 4.2 Unarmed Combat
 + Level 1.7 Spellcasting


You couldn't memorise any spells.
You knew the following spells:

 Your Spells              Type           Power      Damage    Failure   Level
a - Beastly Appendage     Tmut           12%        N/A       12%         1
b - Wereblood             Tmut           6%         N/A       19%         2
c - Spider Form           Tmut/Pois      6%         N/A       34%         3
d - Ice Form              Ice/Tmut       6%         N/A       75%         4
e - Sandblast             Erth           12%        2d6       12%         1
Your spell library was empty.

Dungeon Overview and Level Annotations

Branches:
Dungeon (4/15)
 Temple: D:4-7

Altars:
Kikubaaqudgha
Vehumet

Shops:
D:3 [


Innate Abilities, Weirdness & Mutations

You are immune to sickness and miasma.
You are immune to poison.
Your flesh is very heat resistant. (rF++)
You are vulnerable to cold. (rC-)
You float through the air rather than walking.
You learn spells naturally, not from books.
Your magical power is your life essence.
You have superior vitality. (+4 MHP)


Message History

You barely miss the adder. The adder zombie bites you.
The adder barely misses you.
You hit the adder.
The adder is heavily wounded.
The adder bites you.
You closely miss the adder.
The adder is heavily wounded.
The adder misses you.
You closely miss the adder.
The adder is heavily wounded.
The adder barely misses you. The kobold closely misses you.
You miss the adder.
The adder is heavily wounded.
The adder bites you but does no damage. The adder closely misses you.
The kobold hits you with a +0 club.
You closely miss the adder.
The adder is heavily wounded.
The adder bites you. x2; The kobold hits you but does no damage.
You hit the adder.
The adder is severely wounded.
The adder bites you but does no damage. The adder closely misses you.
The kobold closely misses you. The adder bites you but does no damage.
You hit the adder.
The adder is almost dead.
The adder bites you. The adder closely misses you.
The kobold closely misses you.
You closely miss the adder.
The adder is almost dead.
The adder bites you. The adder completely misses you.
The adder barely misses you. The kobold hits you with a +0 club.
You miss the adder.
The adder is almost dead.
The dart slug launches a dart at you. The slug dart hits you.
* * * LOW HITPOINT WARNING * * *
The adder bites you.
* * * LOW HITPOINT WARNING * * *
The adder completely misses you.
You closely miss the adder. The kobold misses you. The adder bites you.
You die...

####### #.....#
##.....##
#######.......##
........###.#.Z##
.#.....##
##.#JK## .#.#..##
gK##OS@# .#...##


.SwJ #.#Sw# .#...##..O. ..#.g.# .#...#(.......[##.# ....##.#.#.#### .. ###.# .##
..# ..# ... You could see an ogre, a jelly, a gnoll, 2 adders, a dart slug, an
adder zombie and a kobold.

Vanquished Creatures
  An adder (D:2)
  A worm (D:2)
  3 dart slugs
  An orc (D:2)
  An endoplasm (D:3)
  2 giant cockroaches
  4 goblins
  5 hobgoblins
  4 jackals (D:2)
  4 quokkas
  4 ball pythons
  6 frilled lizards
  2 kobolds
  3 rats
41 creatures vanquished.

Vanquished Creatures (others)
  7 plants (D:2)
7 creatures vanquished.

Grand Total: 48 creatures vanquished

Notes
Turn   | Place    | Note
-------+----------+-------------------------------------------
     0 | D:1      | GigaChad the Djinni Transmuter began the quest for the Orb.
     0 | D:1      | Reached XP level 1. HP: 17/17 MP: 0/0
   223 | D:1      | Reached XP level 2. HP: 9/22 MP: 0/0
   880 | D:2      | Reached XP level 3. HP: 9/27 MP: 0/0
   880 | D:2      | Learned a level 1 spell: Sandblast
  2126 | D:2      | Reached skill level 4 in Unarmed Combat
  2137 | D:2      | Reached XP level 4. HP: 20/32 MP: 0/0
  2918 | D:3      | Found Wikyet's Antique Armour Shop.
  3237 | D:4      | Noticed an ogre
  3255 | D:4      | Slain by an adder

Illustrated notes

Levels and vault maps discovered:
D:1:      dpeg_arrival_round_a, layout_basic,
          dilly_ecumenical_altar_fadedgnrine, nrook_mini_backslash, st_stairs_6
D:2:      layout_basic, basic_altar, serial_bayou_crossing
D:3:      minmay_thinvault, layout_loops_corners, serial_shops, shop
D:4:      minmay_skewed_foursquare, layout_basic, grunt_gozag_statues,
          biasface_ghost_orc_armoury, minmay_ruined_shrine

Skill      XL: |  1  2  3 |
---------------+----------+-----
Unarmed Combat | 4 |  4.2
Fighting       | |  1.1
Dodging        | |  2.7
Stealth        | |  0.6
Spellcasting   | |  1.7

Action                   |  1- 3 |  4- 6 || total
-------------------------+-------+-------++-------
Melee: Unarmed           |   140 |    78 ||   218
       Headbutt          |     1 |       ||     1
       Punch             |     1 |       ||     1
 Cast: Beastly Appendage |     3 |     1 ||     4
       Wereblood         |     2 |       ||     2
  Use: Scroll            |     1 |     3 ||     4
 Stab: Sleeping          |     2 |     1 ||     3
Armor: Robe              |    18 |    11 ||    29
Dodge: Dodged            |    78 |    50 ||   128
